 Dungeon Crawl Stone Soup version 0.30-a0-782-ge64f9170bb (webtiles) character file.

Game seed: 9643544813267401783

3997 theswoord the Cleaver (level 10, -4/67 HPs)
             Began as a Demonspawn Gladiator on Feb 20, 2023.
             Was a Believer of Kikubaaqudgha.
             Slain by a death yak (23 damage)
             ... on level 7 of the Dungeon.
             The game lasted 00:09:20 (7491 turns).

theswoord the Cleaver (Demonspawn Gladiator)        Turns: 7491, Time: 00:09:20

Health: -4/67      AC: 10    Str: 18    XL:     10   Next: 3%
Magic:  10/10      EV: 10    Int:  9    God:    Kikubaaqudgha [**....]
Gold:   772        SH:  0    Dex: 16    Spells: 5/9 levels left

rFire   + . .      SeeInvis .    a - +1 war axe
rCold   . . .      Faith    .    (no shield)
rNeg    . . .      Spirit   .    f - +0 scale mail
rPois   .          Reflect  .    m - +2 hat
rElec   .          Harm     .    (no cloak)
rCorr   .          Rampage  .    (no gloves)
Will    +....                    u - +0 pair of boots Stlth
                                 C - amulet of the acrobat
HPRegen 0.31/turn                j - ring of protection from fire
MPRegen 0.12/turn                r - ring of willpower

@: no status effects
A: antennae 2, ignite blood 1, spiny 2, sharp scales 1
a: Renounce Religion, Unearth Wretches


You were on level 7 of the Dungeon.
You worshipped Kikubaaqudgha.
Kikubaaqudgha was pleased with you.
You visited 2 branches of the dungeon, and saw 9 of its levels.
You also visited: Ossuary.

You collected 772 gold pieces.

Inventory:

Hand Weapons
 a - a +1 war axe (weapon)
 w - the +6 shillelagh "Devastator" {shatter}
   (You found it on level 3 of the Dungeon)
Missiles
 d - 3 throwing nets
 e - a javelin
Armour
 b - a +0 leather armour
 c - a +0 helmet
 f - a +0 scale mail (worn)
 m - a +2 hat (worn)
 u - a +0 pair of boots (worn)
Jewellery
 j - a ring of protection from fire (left hand)
 r - a ring of willpower (right hand)
 C - an amulet of the acrobat (around neck)
 F - a ring of resist corrosion
 G - an amulet of reflection
Scrolls
 k - 5 scrolls of teleportation
 v - 4 scrolls of immolation
 x - 2 scrolls of fog
 y - 3 scrolls of fear
 D - 2 scrolls of enchant weapon
Potions
 g - 3 potions of attraction
 h - 2 potions of haste
 i - 3 potions of mutation
 l - 2 potions of heal wounds
 n - 3 potions of berserk rage
 o - 4 potions of curing
 p - 3 potions of brilliance
 q - 2 potions of ambrosia
 s - 3 potions of might {unknown}
 t - 3 potions of cancellation {unknown}
 z - a potion of invisibility {unknown}
 A - a potion of lignification {unknown}
 B - a potion of resistance {unknown}
 E - a potion of flight {unknown}


   Skills:
 - Level 2.0 Fighting
 + Level 12.0 Axes
 - Level 1.7 Throwing
 - Level 2.6 Dodging
 + Level 7.4 Necromancy


You had 5 spell levels left.
You knew the following spells:

 Your Spells              Type           Power      Damage    Failure   Level
a - Animate Dead          Necr           13%        N/A       54%         4

Your spell library contained the following spells:

 Spells                   Type           Power      Damage    Failure   Level
 Necrotise                Necr           52%        1d6       7%          1
 Kiss of Death            Conj/Necr      24%        2d7       30%         1
 Cigotuvi's Dreadful Rot  Necr/Pois/Air  8%         N/A       61%         2
 Sting                    Tmut/Pois      0%         1d3       80%         1
 Summon Small Mammal      Summ           0%         N/A       80%         1
 Blink                    Tloc           0%         N/A       91%         2
 Ensorcelled Hibernation  Hex/Ice        0%         N/A       91%         2
 Lesser Beckoning         Tloc           0%         N/A       91%         2
 Momentum Strike          Conj/Tloc      0%         3d8       91%         2
 Poisonous Vapours        Pois/Air       0%         N/A       91%         2
 Anguish                  Hex/Necr       3%         N/A       97%         4
 Call Canine Familiar     Summ           0%         N/A       99%         3
 Portal Projectile        Hex/Tloc       0%         N/A       99%         3
 Spider Form              Tmut/Pois      0%         N/A       99%         3
 Summon Guardian Golem    Hex/Summ       0%         N/A       99%         3
 Tukima's Dance           Hex            0%         N/A       99%         3
 Olgreb's Toxic Radiance  Pois           0%         N/A       100%        4
 Blade Hands              Tmut           0%         N/A       100%        5


Dungeon Overview and Level Annotations

Branches:
Dungeon (8/15)             Temple (1/1) D:5            Lair (0/5) D:8
Ossuary (visited)

Altars:
Gozag
Hepliaklqana
Kikubaaqudgha
Ru
Vehumet
Xom
Yredelemnul

Shops:
D:1 *   D:6 *


Innate Abilities, Weirdness & Mutations

You have a pair of antennae on your head.
Your demonic aura sometimes causes spilled blood to erupt in flames.
You are mostly covered in sharp spines.
You are partially covered in razor-sharp scales. (AC +1, Slay +1)


Message History

You hit the death yak. The death yak is struck by your spines.
The death yak completely misses you.
You slash the death yak!
The death yak is engulfed in blazing flames.
The death yak gores you!
You hit the death yak.
The death yak is engulfed in blazing flames.
The death yak gores you.
You slash the death yak!
The death yak is engulfed in blazing flames.
You kill the death yak!
Kikubaaqudgha accepts your kill.
Your Axes skill increases to level 12!
Your Necromancy skill increases to level 7!
You have reached level 10!
Your demonic ancestry asserts itself...
The antennae on your head grow some more.
You climb downwards.
The death yak gores you!
There is a stone staircase leading up, spattered with blood here.
The death yak gores you!
* * * LOW HITPOINT WARNING * * *
You climb upwards.
There is a stone staircase leading down, spattered with blood here.
You hit the death yak. The death yak gores you!
* * * LOW HITPOINT WARNING * * *
You hit the death yak. The death yak gores you!
* * * LOW HITPOINT WARNING * * *
You hit the death yak but do no damage.
You punch the death yak, but do no damage.
The death yak is struck by your spines. The death yak closely misses you.
You feel much better. The death yak barely misses you.
You hit the death yak but do no damage.
The death yak gores you but does no damage.
You slash the death yak! The death yak gores you!
* * * LOW HITPOINT WARNING * * *
You slash the death yak! You slash the death yak!
The death yak is struck by your spines. The death yak gores you!!
You die...
Kikubaaqudgha rasps: "You have failed me!
Welcome... death!"

#................###.#..######
#................##...........
#............######...........
####.........# #..............
#.........###.###..........
#.........#...# #..........
#.........#.### #.)).......
####.#...Y..# #<.[.......
#......@## #..[.......
#####.#..#.## #..........
#.....#..#.# #.#########
###.#......# ### #......###
###....# ##.#.## #....# ######


You could see a death yak.

Vanquished Creatures
  2 death yaks (D:7)
  Prince Ribbit (D:7)
  A wyvern (D:7)
  A water moccasin (D:7)
  2 ice beasts
  3 black bears (D:5)
  An ogre (D:6)
  A phantom (D:5)
  2 bullfrogs (D:7)
  6 scorpions
  A gnoll sergeant (D:7)
  A necrophage (D:7)
  2 howler monkeys
  3 jellies
  2 quasits (D:5)
  4 hounds
  4 orc priests
  4 iguanas
  9 orc wizards
  2 mummies
  8 gnolls
  14 adders
  2 shadow imps (D:5)
  3 white imps (D:5)
  4 ufetubi (D:5)
  4 worms
  3 dart slugs
  27 orcs
  3 spectral bats (Ossuary)
  6 endoplasms
  3 giant cockroaches
  4 goblins
  6 hobgoblins
  A jackal (D:5)
  3 kobolds
  6 quokkas
  6 ball pythons
  8 bats
  5 bat simulacra (Ossuary)
  A frilled lizard (D:2)
  12 gnoll zombies (Ossuary)
  2 goblin simulacra (Ossuary)
  4 goblin zombies (Ossuary)
  6 hobgoblin zombies (Ossuary)
  4 kobold simulacra (Ossuary)
  6 kobold zombies
  4 orc zombies (Ossuary)
  8 rats
  2 rat simulacra (Ossuary)
  2 spectral goblins (Ossuary)
  4 spectral kobolds (Ossuary)
223 creatures vanquished.

Vanquished Creatures (others)
  A demonic plant (D:5)
1 creature vanquished.

Grand Total: 224 creatures vanquished

Notes
Turn   | Place    | Note
-------+----------+-------------------------------------------
     0 | D:1      | theswoord the Demonspawn Gladiator began the quest for the
                  | Orb.
     0 | D:1      | Reached XP level 1. HP: 16/16 MP: 1/1
    52 | D:1      | You fall into a shaft and drop 1 floor!
    91 | D:2      | Reached skill level 3 in Axes
   133 | D:1      | Gained mutation: You are partially covered in sharp spines.
                  | [demonic ancestry]
   133 | D:1      | Reached XP level 2. HP: 22/22 MP: 2/2
   230 | D:1      | Found Vutzuote's General Store.
   896 | D:2      | Gained mutation: Your demonic aura sometimes causes spilled
                  | blood to erupt in flames. [demonic ancestry]
   896 | D:2      | Reached XP level 3. HP: 21/27 MP: 3/3
   957 | D:2      | Reached skill level 4 in Axes
  1115 | D:2      | Reached XP level 4. HP: 33/33 MP: 4/4
  1819 | D:3      | Reached skill level 5 in Axes
  1888 | D:3      | Found a hazy altar of Hepliaklqana.
  2257 | D:3      | Reached XP level 5. HP: 34/38 MP: 5/5
  2499 | D:3      | Found the +6 shillelagh "Devastator" {shatter}
  2638 | D:4      | Reached skill level 6 in Axes
  2696 | D:4      | Found a sacrificial altar of Ru.
  2800 | D:4      | Gained mutation: You have a pair of small antennae on your
                  | head. [demonic ancestry]
  2800 | D:4      | Reached XP level 6. HP: 40/44 MP: 6/6
  3299 | D:5      | Entered Level 5 of the Dungeon
  3373 | D:5      | Reached skill level 7 in Axes
  3527 | D:5      | Reached XP level 7. HP: 19/50 MP: 7/7
  3849 | D:5      | Found a sand-covered staircase.
  3864 | Ossuary  | Entered an ossuary
  4348 | D:5      | Reached skill level 8 in Axes
  4423 | D:5      | Found a staircase to the Ecumenical Temple.
  4461 | Temple   | Entered the Ecumenical Temple
  4466 | Temple   | Became a worshipper of Kikubaaqudgha
  5132 | D:5      | Reached skill level 9 in Axes
  5132 | D:5      | Gained mutation: You are partially covered in razor-sharp
                  | scales. (AC +1, Slay +1) [demonic ancestry]
  5132 | D:5      | Reached XP level 8. HP: 47/56 MP: 8/8
  5554 | D:6      | Reached skill level 10 in Axes
  5597 | D:6      | Reached * piety under Kikubaaqudgha
  5597 | D:6      | Received a gift from Kikubaaqudgha
  5603 | D:6      | Learned a level 4 spell: Animate Dead
  5625 | D:6      | Reached skill level 1 in Necromancy
  5820 | D:6      | Found Paasch's Lightly-Used Armoury.
  6397 | D:7      | Gained mutation: You are mostly covered in sharp spines.
                  | [demonic ancestry]
  6397 | D:7      | Reached XP level 9. HP: 61/61 MP: 9/9
  6735 | D:7      | Noticed Prince Ribbit
  6743 | D:7      | Killed Prince Ribbit
  6744 | D:7      | Reached skill level 11 in Axes
  6830 | D:7      | Reached skill level 5 in Necromancy
  6856 | D:7      | Reached ** piety under Kikubaaqudgha
  7224 | D:8      | Noticed a death yak
  7224 | D:8      | Noticed a death yak
  7224 | D:8      | Noticed a death yak
  7224 | D:8      | Noticed a death yak
  7224 | D:8      | Noticed a death yak
  7224 | D:8      | Noticed a death yak
  7224 | D:8      | Found a staircase to the Lair.
  7232 | D:7      | Killed a death yak
  7479 | D:7      | Killed a death yak
  7480 | D:7      | Reached skill level 12 in Axes
  7480 | D:7      | Gained mutation: You have a pair of antennae on your head.
                  | [demonic ancestry]
  7480 | D:7      | Reached XP level 10. HP: 50/67 MP: 10/10
  7491 | D:7      | Slain by a death yak

Skill      XL: |  1  2  3  4  5  6  7  8  9 |
---------------+----------------------------+-----
Axes           | 3 4 5 6 7 9 10 12 | 12.0
Necromancy     | 3 7 |  7.4
Fighting       | |  2.0
Throwing       | |  1.7
Dodging        | |  2.6

Action                     |  1- 3 |  4- 6 |  7- 9 | 10-12 || total
---------------------------+-------+-------+-------+-------++-------
  Melee: War axe           |    63 |   119 |   280 |     7 ||   469
         Shillelagh        |       |     5 |       |       ||     5
         Punch             |       |       |     5 |     1 ||     6
    Use: Scroll            |     2 |     8 |     9 |       ||    19
         Potion            |       |       |     1 |     1 ||     2
 Armour: Scale mail        |    30 |    79 |   105 |     1 ||   215
         Leather armour    |     4 |       |       |       ||     4
  Dodge: Dodged            |    33 |    87 |   140 |     2 ||   262

Levels and vault maps discovered:
D:1:      ncdulo_watergridlock, layout_basic, serial_shops,
          nicolae_shop_advertising_works [nicolae_subvault_shop_adworks]
D:2:      layout_loops_ring
D:3:      minmay_bubble_buster, layout_basic, nicolae_overflow_hidden_temple,
          nrook_campfire, minmay_misc_feat_encased, eino_curves_03
D:4:      wander_river, layout_basic, nicolae_ru_sacrificial_ziggurat
D:5:      minmay_polygon_palace, layout_loops_corners,
          minmay_temple_entry_ruins, nicolae_ossuary_entry_giza, serial_demonic,
          serial_demonic_f, serial_demonic_g, serial_demonic_c,
          serial_demonic_a, serial_demonic_g, serial_demonic_c, minmay_holes
D:6:      lemuel_ice_spiral_2, layout_basic, hangedman_abyss_or_decor_passed,
          minmay_fountain_box, minmay_shop_damaged
D:7:      layout_basic, uniq_prince_ribbit1
D:8:      layout_rooms, dpeg_lair_monsters, reono_crystal_passage,
          kennysheep_generic_room_10
Temple:   hellmonk_temple_of_storms
